[Event "Titled Tuesday Blitz March 15 Early 2022"]
[White "Bettalli, Francesco"]
[Black "Urazayev, Arystanbek"]
[WhiteFideId "2816453"]
[BlackFideId "13709810"]
[WhiteElo "2216"]
[BlackElo "2393"]
[Result "1-0"]
[Round "07"]
[TimeControl "180+1"]
[Date "2022.03.15"]
[WhiteClock "0:00:46"]
[BlackClock "0:00:12"]

1. d4 Nf6 2. Nc3 e6 3. e4 d5 4. Bg5 Bb4 5. Ne2 dxe4 6. a3 Be7 7. Bxf6 gxf6 8. Nxe4 f5 9. N4c3 b6 10. g3 Bb7 11. d5 Nd7 12. Bg2 Nf6 13. O-O e5 14. f4 e4 15. Nd4 Qd7 16. Bh3 Bc5 17. b4 Nxd5 18. Nxd5 Qxd5 19. bxc5 e3 20. c6 Ba6 21. Re1 O-O-O 22. c3 Kb8 23. Rxe3 h5 24. Qf3 Qc5 25. Rd1 h4 26. Kg2 Bc4 27. Bxf5 hxg3 28. hxg3 Qxa3 29. Bd7 Qa2+ 30. Ne2 Qc2 31. Rd4 Qh7 32. Kf2 Bb3 33. c4 Ba4 34. c5 Bb5 35. cxb6 axb6 36. Ra3 Bxe2 37. Rda4 Qh2+ 38. Qg2 Ba6 39. Rxa6 1-0


[Site "https://www.chess.com"]

[Event "Titled Tuesday Blitz March 15 Early 2022"]
[White "Bintang, Rasyid A. Hidayat"]
[Black "Agrest, Evgenij"]
[WhiteFideId "7105355"]
[BlackFideId "1705024"]
[WhiteElo "2355"]
[BlackElo "2574"]
[Result "0-1"]
[Round "07"]
[TimeControl "180+1"]
[Date "2022.03.15"]
[WhiteClock "0:00:17"]
[BlackClock "0:01:05"]

1. d4 d6 2. Bf4 g6 3. Nc3 Bg7 4. e4 a6 5. Qd2 Nc6 6. d5 Ne5 7. Nf3 Nxf3+ 8. gxf3 e5 9. Bg5 f6 10. Be3 f5 11. f4 fxe4 12. fxe5 Bxe5 13. Bg2 Nf6 14. O-O-O Bf5 15. h4 Qd7 16. Rde1 O-O-O 17. Bd4 Rde8 18. Nxe4 Bxe4 19. Bxe4 Qa4 20. Bxe5 Rxe5 21. Bd3 Qxa2 22. c3 Qxd5 23. Qf4 Nh5 24. Qg4+ Kb8 25. Bc4 Qa5 26. Kc2 Rhe8 27. Rd1 Qb6 28. Qd7 Qxf2+ 29. Rd2 Qf5+ 30. Qxf5 Rxf5 31. Bd3 Rf4 32. Be2 Ng3 33. Re1 Nxe2 0-1


[Site "https://www.chess.com"]

[Event "Titled Tuesday Blitz March 15 Early 2022"]
[White "Bogumil, Tatiana"]
[Black "Shailendra, K Bajpai"]
[WhiteFideId "4110579"]
[BlackFideId "5014670"]
[WhiteElo "1761"]
[BlackElo "2242"]
[Result "1/2-1/2"]
[Round "07"]
[TimeControl "180+1"]
[Date "2022.03.15"]
[WhiteClock "0:00:14"]
[BlackClock "0:00:08"]

1. Nf3 c5 2. c4 g6 3. d4 cxd4 4. Nxd4 Bg7 5. Nc3 Nf6 6. e4 d6 7. Be2 O-O 8. O-O Nc6 9. Be3 Bd7 10. f3 Rc8 11. Rc1 a6 12. b3 Qa5 13. Qd2 Rfd8 14. Rfd1 Nxd4 15. Bxd4 Nh5 16. Be3 b5 17. Nd5 Qxd2 18. Rxd2 Kf8 19. Nb6 Rb8 20. Nxd7+ Rxd7 21. c5 Rc7 22. Rdc2 dxc5 23. Rxc5 Rxc5 24. Rxc5 Nf6 25. Rc7 Ne8 26. Rc6 Ra8 27. a4 bxa4 28. bxa4 a5 29. Bb5 Nd6 30. Rb6 Bc3 31. Bc5 Rc8 32. Rc6 Rxc6 33. Bxc6 Bb4 34. Bd4 Nc4 35. Kf2 e6 36. f4 Ke7 37. e5 Na3 38. Ke3 Nc2+ 39. Kd3 Nxd4 40. Kxd4 Be1 41. g4 h5 42. h3 hxg4 43. hxg4 Bg3 44. Ke4 Be1 45. Bb5 Bb4 46. f5 Bc3 47. fxg6 fxg6 48. Bc6 g5 49. Bb5 Bb4 50. Bc6 Bd2 51. Bb5 Bf4 52. Kd4 Bg3 53. Bc6 Bf4 54. Be4 Bg3 55. Bg6 Bf4 56. Ke4 Bg3 57. Kd4 Bh2 58. Ke4 Bf4 59. Kd4 Bh2 60. Ke4 Bf4 61. Kd4 Bh2 1/2-1/2


[Site "https://www.chess.com"]

[Event "Titled Tuesday Blitz March 15 Early 2022"]
[White "Borodavkin, Anatoly"]
[Black "Flis, Pawel"]
[WhiteFideId "14150662"]
[BlackFideId "1112864"]
[WhiteElo "1845"]
[BlackElo "1735"]
[Result "1/2-1/2"]
[Round "07"]
[TimeControl "180+1"]
[Date "2022.03.15"]
[WhiteClock "0:00:13"]
[BlackClock "0:00:02"]

1. e4 c5 2. Nc3 Nc6 3. g3 g6 4. Bg2 Bg7 5. d3 e6 6. Be3 Nd4 7. f4 Ne7 8. e5 Nef5 9. Bf2 O-O 10. Ne4 d5 11. exd6 Nxd6 12. c3 Nxe4 13. dxe4 Qa5 14. Qd2 Nc6 15. Ne2 Rd8 16. Qc2 b6 17. e5 Bb7 18. O-O Rab8 19. a3 Qa6 20. Rfd1 Ne7 21. Bf1 Bf3 22. Rxd8+ Rxd8 23. Nd4 Qb7 24. Nxf3 Qxf3 25. Bg2 Qd3 26. Qxd3 Rxd3 27. Kf1 f6 28. exf6 Bxf6 29. Ke1 Kf7 30. Rd1 Rxd1+ 31. Kxd1 Nd5 32. Ke2 g5 33. fxg5 Bxg5 34. Kd3 Bc1 35. Kc2 Be3 36. Be1 Bg1 37. Bxd5 exd5 38. h4 h5 39. Kd3 Ke6 40. Ke2 d4 41. Kd3 Kf5 42. b4 dxc3 43. Kxc3 Bd4+ 44. Kd3 Bb2 45. a4 cxb4 46. Bxb4 Kg4 47. Bd6 Bc1 48. Kc4 a6 49. Kd5 Be3 50. Kc6 b5 51. axb5 axb5 52. Kxb5 Bf2 53. Kc4 Bxg3 54. Bc5 Bxh4 55. Kd3 Kf3 56. Kd2 1/2-1/2


[Site "https://www.chess.com"]

[Event "Titled Tuesday Blitz March 15 Early 2022"]
[White "Bortnyk, Olexandr"]
[Black "Deac, Bogdan-Daniel"]
[WhiteFideId "14120828"]
[BlackFideId "1226380"]
[WhiteElo "2723"]
[BlackElo "2646"]
[Result "1-0"]
[Round "07"]
[TimeControl "180+1"]
[Date "2022.03.15"]
[WhiteClock "0:00:18"]
[BlackClock "0:00:05"]

1. e4 e5 2. Bc4 Nf6 3. d3 Nc6 4. Nc3 Bb4 5. Bd2 Bxc3 6. Bxc3 d5 7. exd5 Nxd5 8. Qf3 Be6 9. Ne2 O-O 10. Bxd5 Bxd5 11. Qg3 f6 12. a3 a5 13. O-O Qd6 14. Rad1 Rae8 15. d4 e4 16. Qxd6 cxd6 17. Nf4 Bf7 18. d5 Ne7 19. Bxa5 Rc8 20. Bb4 Rfd8 21. c3 Ng6 22. Ne6 Rd7 23. Rfe1 f5 24. Nd4 Ne7 25. Nb5 Rcd8 26. c4 Ng6 27. Bc3 Nf4 28. b3 Nd3 29. Re3 Bg6 30. g3 f4 31. gxf4 Nxf4 32. Nd4 Re8 33. Bb4 Re5 34. Rg3 Nd3 35. Bc3 Rf7 36. Rd2 Re8 37. Ne6 Nf4 38. Ng5 Rfe7 39. h4 e3 40. fxe3 Rxe3 41. Rxe3 Rxe3 42. Bb4 Rxb3 43. Bxd6 Nd3 44. Kh2 h6 45. Ne6 Bf5 46. Nd4 Rb2 47. Rxb2 Nxb2 48. Nxf5 Nxc4 49. Bc5 Kf7 50. Nd6+ Nxd6 51. Bxd6 1-0


[Site "https://www.chess.com"]

[Event "Titled Tuesday Blitz March 15 Early 2022"]
[White "Brunner, Nicolas"]
[Black "Hansen, Soren Bech"]
[WhiteFideId "620246"]
[BlackFideId "1400681"]
[WhiteElo "2372"]
[BlackElo "2243"]
[Result "1-0"]
[Round "07"]
[TimeControl "180+1"]
[Date "2022.03.15"]
[WhiteClock "0:01:26"]
[BlackClock "0:00:36"]

1. d4 Nf6 2. c4 e6 3. g3 Bb4+ 4. Bd2 Be7 5. Bg2 d5 6. Nf3 c6 7. Qc2 O-O 8. O-O b6 9. Rd1 Ba6 10. b3 Nbd7 11. a4 Rc8 12. a5 b5 13. c5 Ne4 14. Be1 Qc7 15. Nc3 f5 16. Na2 e5 17. Nb4 Bb7 18. a6 Ba8 19. e3 exd4 20. exd4 f4 21. Nd2 Nxd2 22. Bxd2 f3 23. Bh3 Nf6 24. Bf4 Qd8 25. Qf5 Ne4 26. Qxc8 Qxc8 27. Bxc8 Rxc8 28. h4 Nc3 29. Rd3 Ne2+ 30. Kf1 Nxf4 31. gxf4 Bxh4 32. Rxf3 Bf6 33. Rd1 Re8 34. Re3 Kf7 35. Rxe8 Kxe8 36. Ke2 h5 37. Kf3 h4 38. Kg4 Kf7 39. f5 Kf8 40. Nc2 1-0


[Site "https://www.chess.com"]

[Event "Titled Tuesday Blitz March 15 Early 2022"]
[White "Budrewicz, Krzysztof"]
[Black "Koridze, Lile"]
[WhiteFideId "1127950"]
[BlackFideId "13612514"]
[WhiteElo "2248"]
[BlackElo "1999"]
[Result "0-1"]
[Round "07"]
[TimeControl "180+1"]
[Date "2022.03.15"]
[WhiteClock "0:02:12"]
[BlackClock "0:02:12"]

1. d4 Nf6 2. c4 e6 3. Nf3 d5 4. Nc3 Bb4 5. Qa4+ Nc6 6. e3 O-O 7. Qc2 dxc4 8. Bxc4 Qe7 9. O-O e5 10. dxe5 Nxe5 11. Nxe5 Qxe5 12. f4 Qe7 13. a3 Bc5 14. Re1 Bg4 15. Kh1 Nh5 16. Ne4 Bb6 17. Nf2 Qh4 18. Nxg4 Qxe1+ 19. Bf1 Qxf1# 0-1


[Site "https://www.chess.com"]

[Event "Titled Tuesday Blitz March 15 Early 2022"]
[White "Chen, Qi b"]
[Black "Polster, Christian"]
[WhiteFideId "8614733"]
[BlackFideId "12965081"]
[WhiteElo "2432"]
[BlackElo "2316"]
[Result "1-0"]
[Round "07"]
[TimeControl "180+1"]
[Date "2022.03.15"]
[WhiteClock "0:00:09"]
[BlackClock "0:00:08"]

1. e4 c5 2. Nf3 d6 3. d4 cxd4 4. Nxd4 Nf6 5. Nc3 a6 6. h3 e5 7. Nb3 Be6 8. f4 Qc7 9. f5 Bc4 10. Bg5 Nbd7 11. Qd2 Rc8 12. g4 b5 13. a3 Be7 14. Be3 Bxb3 15. cxb3 Nc5 16. Bxc5 Qxc5 17. b4 Qa7 18. Bd3 Nd7 19. O-O-O h6 20. h4 Nb6 21. Kb1 Nc4 22. Bxc4 Rxc4 23. g5 Kd7 24. Rhf1 hxg5 25. hxg5 Rh3 26. f6 gxf6 27. gxf6 Bd8 28. Qxd6+ Kc8 29. Qxd8+ Kb7 30. Rd7+ Kc6 31. Qc8+ Kb6 32. Nd5# 1-0


[Site "https://www.chess.com"]

[Event "Titled Tuesday Blitz March 15 Early 2022"]
[White "Chernomordik, Pavel"]
[Black "volunteers1998"]
[WhiteFideId "2804530"]
[WhiteElo "2249"]
[BlackElo "2270"]
[Result "1-0"]
[Round "07"]
[TimeControl "180+1"]
[Date "2022.03.15"]
[WhiteClock "0:00:07"]
[BlackClock "0:00:02"]

1. e4 c5 2. Nc3 Nc6 3. Bb5 d6 4. f4 Bd7 5. Nf3 g6 6. O-O Bg7 7. d3 Nf6 8. Qe1 O-O 9. Bxc6 Bxc6 10. Qh4 b5 11. f5 b4 12. Ne2 a5 13. Bh6 Re8 14. Ng5 Bh8 15. Nf4 a4 16. Qg3 Qd7 17. Nxf7 a3 18. bxa3 Rxa3 19. fxg6 Qg4 20. Qe3 Nxe4 21. Nxh8 Kxh8 22. h3 Qg3 23. Rf3 Qh4 24. g7+ Kg8 25. Ne6 Nf6 26. Bg5 Qh5 27. Rg3 Qf7 28. Rf1 Rxa2 29. Qf4 Qxe6 30. Re3 Qd5 31. Rf2 Ra1+ 32. Kh2 Ra2 33. Bxf6 Qh5 34. Bb2 Raa8 35. Re6 Bd5 36. Rh6 1-0


[Site "https://www.chess.com"]

[Event "Titled Tuesday Blitz March 15 Early 2022"]
[White "Christensen, Thomas"]
[Black "Omariev, Maksim"]
[WhiteFideId "1403532"]
[BlackFideId "4193423"]
[WhiteElo "2276"]
[BlackElo "2457"]
[Result "0-1"]
[Round "07"]
[TimeControl "180+1"]
[Date "2022.03.15"]
[WhiteClock "0:00:15"]
[BlackClock "0:00:32"]

1. d4 h5 2. e4 h4 3. h3 c6 4. d5 Nf6 5. dxc6 Nxc6 6. Bd3 d5 7. exd5 Nxd5 8. Nc3 Nxc3 9. bxc3 e5 10. Nf3 Be6 11. O-O Be7 12. Re1 Qa5 13. c4 O-O-O 14. Qe2 f6 15. Bd2 Qc7 16. a4 g5 17. a5 g4 18. hxg4 Bxg4 19. Qe3 Rdg8 20. Be4 Bh3 21. Nh2 Bxg2 22. Bxg2 h3 23. Kh1 hxg2+ 24. Kg1 Nd4 25. c3 e4 26. Qf4 Bd6 27. Rxe4 Bxf4 0-1


[Site "https://www.chess.com"]

[Event "Titled Tuesday Blitz March 15 Early 2022"]
[White "Coto Mederos, Michel"]
[Black "Dushyant Sharma"]
[WhiteFideId "3508528"]
[BlackFideId "25065130"]
[WhiteElo "2427"]
[BlackElo "2105"]
[Result "0-1"]
[Round "07"]
[TimeControl "180+1"]
[Date "2022.03.15"]
[WhiteClock "0:00:02"]
[BlackClock "0:00:10"]

1. d4 d5 2. Bg5 c6 3. Nd2 Nd7 4. Ngf3 Ngf6 5. e3 e6 6. Bd3 Be7 7. c4 O-O 8. O-O h6 9. Bh4 b6 10. Rc1 Bb7 11. h3 Rc8 12. Qa4 a5 13. Rfd1 c5 14. Bxf6 Bxf6 15. cxd5 Bxd5 16. Bb5 Nb8 17. dxc5 bxc5 18. Nc4 Qe7 19. Nb6 Rcd8 20. e4 Bb7 21. b3 Bb2 22. Rb1 Bc3 23. Qc4 Bb4 24. Na4 Qf6 25. Qe2 Qg6 26. e5 Qf5 27. Rxd8 Rxd8 28. Rd1 Rxd1+ 29. Qxd1 Bxf3 30. gxf3 Qxe5 31. Nb6 Qe1+ 32. Qxe1 Bxe1 33. Nc4 Kf8 34. Kf1 Bc3 35. Ke2 Ke7 36. Kd3 Bd4 37. Nxa5 Bxf2 38. Nb7 Nd7 39. a4 Ne5+ 40. Ke2 Bd4 41. a5 c4 42. Bxc4 Nc6 43. a6 Na7 44. Na5 f5 45. b4 Kd6 46. Nb3 Bc3 47. Kd3 Bxb4 48. Nd4 e5 49. Nxf5+ Kc5 50. Nxg7 Ba5 51. Nf5 Bb6 52. Nxh6 Nc6 53. Bg8 Nd4 54. Ke4 Ne2 55. Kxe5 Ng1 56. f4 Bc7+ 57. Ke4 Kb6 0-1


[Site "https://www.chess.com"]

[Event "Titled Tuesday Blitz March 15 Early 2022"]
[White "Csonka, Balazs"]
[Black "Foisor, Sabina-Francesca"]
[WhiteFideId "742910"]
[BlackFideId "1212915"]
[WhiteElo "2404"]
[BlackElo "2243"]
[Result "1-0"]
[Round "07"]
[TimeControl "180+1"]
[Date "2022.03.15"]
[WhiteClock "0:00:23"]
[BlackClock "0:00:16"]

1. e4 c6 2. d4 g6 3. Nf3 d5 4. Nbd2 Bg7 5. c3 dxe4 6. Nxe4 Nf6 7. Nxf6+ exf6 8. Bc4 O-O 9. O-O Nd7 10. Re1 Nb6 11. Bb3 a5 12. a4 Qd6 13. Nd2 f5 14. Nc4 Nxc4 15. Bxc4 c5 16. dxc5 Qxc5 17. Qb3 Bd7 18. Be3 Qc8 19. Rad1 Bc6 20. Bd5 Ra6 21. h3 Bxd5 22. Rxd5 h5 23. Red1 Kh7 24. Rd7 Re6 25. Qxb7 Qc4 26. Rxf7 Rxf7 27. Qxf7 Qc6 28. Rd7 1-0


[Site "https://www.chess.com"]

[Event "Titled Tuesday Blitz March 15 Early 2022"]
[White "De Souza, Cristiano Gomes"]
[Black "Tsatsalashvili, Keti"]
[WhiteFideId "2151758"]
[BlackFideId "13603434"]
[WhiteElo "2068"]
[BlackElo "2246"]
[Result "1/2-1/2"]
[Round "07"]
[TimeControl "180+1"]
[Date "2022.03.15"]
[WhiteClock "0:00:36"]
[BlackClock "0:00:12"]

1. d4 Nf6 2. c4 e6 3. Nf3 d5 4. Nc3 Bb4 5. Bg5 O-O 6. Rc1 h6 7. Bxf6 Qxf6 8. e3 c6 9. Be2 Nd7 10. O-O Qe7 11. a3 Bd6 12. e4 dxe4 13. Nxe4 Bc7 14. b4 Nf6 15. Bd3 Nxe4 16. Bxe4 a5 17. Qb3 f5 18. Bb1 Bd7 19. Rfe1 Bd6 20. c5 Bf4 21. Rc2 axb4 22. axb4 Ra1 23. Rce2 Qf7 24. Ba2 Rxe1+ 25. Rxe1 g5 26. g3 Bc7 27. Qd3 Ra8 28. Bc4 Kg7 29. Qb3 Re8 30. Ne5 Bxe5 31. Rxe5 f4 32. g4 f3 33. Qe3 Ra8 34. h3 Ra1+ 35. Kh2 Ra4 36. Bxe6 Bxe6 37. Rxe6 Kf8 38. Kg3 Rxb4 39. Qe5 Qf4+ 40. Qxf4+ gxf4+ 41. Kxf4 Rxd4+ 42. Kxf3 Rd5 43. Rxh6 Kg7 44. Rd6 Rxc5 45. Rd7+ Kf6 46. Rxb7 Rc3+ 47. Kg2 c5 48. h4 c4 49. f3 Rc1 50. Kg3 c3 51. Rc7 c2 52. Kf4 Kg6 53. h5+ Kh6 54. Rc6+ Kg7 55. Kg5 Kh7 56. f4 Kg7 57. f5 Kf7 58. h6 Kf8 59. h7 Kg7 60. Rc7+ Kh8 61. Kf6 Rg1 62. Rxc2 Rxg4 63. Rc7 Rg6+ 64. Ke5 Re6+ 65. Kf4 Re4+ 66. Kf3 Rf4+ 67. Kxf4 1/2-1/2


[Site "https://www.chess.com"]

[Event "Titled Tuesday Blitz March 15 Early 2022"]
[White "Devaev, Alexander"]
[Black "Odegov, Artem"]
[WhiteFideId "4169395"]
[BlackFideId "34183644"]
[WhiteElo "2185"]
[BlackElo "2286"]
[Result "0-1"]
[Round "07"]
[TimeControl "180+1"]
[Date "2022.03.15"]
[WhiteClock "0:00:02"]
[BlackClock "0:01:58"]

1. d4 Nf6 2. c4 c5 3. d5 b5 4. cxb5 a6 5. b6 e6 6. Nc3 exd5 7. Nxd5 Nxd5 8. Qxd5 Nc6 9. Nf3 Be7 10. a4 Qxb6 11. a5 Qb4+ 12. Qd2 O-O 13. e3 Rb8 14. Bd3 c4 15. Bc2 Bf6 16. O-O Qxd2 17. Nxd2 Bxb2 18. Rb1 c3 19. Ne4 d5 20. Nc5 Nxa5 21. Nd3 Bf5 22. Rd1 Nc4 23. h3 a5 24. g4 Bg6 25. Ne1 Na3 26. Bxg6 hxg6 0-1


[Site "https://www.chess.com"]

[Event "Titled Tuesday Blitz March 15 Early 2022"]
[White "Donchenko, Alexander"]
[Black "Svane, Rasmus"]
[WhiteFideId "24603295"]
[BlackFideId "4657101"]
[WhiteElo "2539"]
[BlackElo "2645"]
[Result "1-0"]
[Round "07"]
[TimeControl "180+1"]
[Date "2022.03.15"]
[WhiteClock "0:00:02"]
[BlackClock "0:00:03"]

1. c4 Nf6 2. g3 e6 3. Bg2 d5 4. Nf3 Be7 5. O-O O-O 6. b3 d4 7. Ne5 Bd6 8. Nd3 Nc6 9. Ba3 Re8 10. e4 e5 11. h3 a5 12. Qe2 Qe7 13. c5 b6 14. cxd6 cxd6 15. Nb2 Ba6 16. d3 b5 17. Nd1 b4 18. Bc1 Na7 19. a4 Qe6 20. Nd2 d5 21. exd5 Nxd5 22. Nc4 Nc6 23. f4 Nc3 24. Nxc3 dxc3 25. fxe5 Nd4 26. Qf2 Nxb3 27. Rb1 Nxc1 28. Rbxc1 Rad8 29. Nd6 Re7 30. Be4 Rf8 31. Nf5 Ree8 32. Nd6 Re7 33. Rce1 g6 34. Nb5 Bxb5 35. axb5 b3 36. d4 c2 37. d5 Qc8 38. Bd3 a4 39. d6 Re6 40. b6 a3 41. b7 Qxb7 42. Bc4 Ree8 43. e6 fxe6 44. Bxe6+ Kh8 45. Qd4+ Qg7 46. Rxf8+ Rxf8 47. Qxg7+ Kxg7 48. Bxb3 Rd8 49. Bxc2 Rxd6 50. Re7+ Kf6 51. Ra7 Rd2 52. Bb3 Rd3 53. Bc4 Rxg3+ 54. Kh2 Rc3 55. Bg8 h5 56. Ra6+ Kg5 57. Bf7 h4 58. Rxg6+ Kf5 59. Ra6 Rc2+ 60. Kg1 Rc3 61. Kf2 Kf4 62. Be6 Rc2+ 63. Ke1 Rc3 64. Kd2 Rf3 65. Bg4 Rb3 66. Kc2 Re3 67. Kb1 Kg3 68. Ka2 Rc3 69. Rf6 Re3 70. Rf1 Rc3 71. Re1 Rd3 72. Re2 Rc3 73. Rd2 Re3 74. Rd6 Rc3 75. Bd7 Re3 76. Rg6+ Kf3 77. Rg4 Re4 78. Bc6 1-0


[Site "https://www.chess.com"]

[Event "Titled Tuesday Blitz March 15 Early 2022"]
[White "Dreev, Aleksey"]
[Black "Esipenko, Andrey"]
[WhiteFideId "4100107"]
[BlackFideId "24175439"]
[WhiteElo "2625"]
[BlackElo "2617"]
[Result "0-1"]
[Round "07"]
[TimeControl "180+1"]
[Date "2022.03.15"]
[WhiteClock "0:00:18"]
[BlackClock "0:00:57"]

1. d4 Nf6 2. c4 e6 3. Nc3 Bb4 4. Qc2 d5 5. a3 Bxc3+ 6. Qxc3 O-O 7. Nf3 dxc4 8. Qxc4 b6 9. Bg5 Ba6 10. Qa4 h6 11. Bh4 c5 12. dxc5 bxc5 13. Rc1 Qb6 14. Rc2 Nc6 15. Bxf6 gxf6 16. Qg4+ Kh7 17. e3 Bxf1 18. Rxf1 Rad8 19. Ke2 Na5 20. Rfc1 Qb5+ 21. Ke1 Nb3 22. Rb1 Rg8 23. Qc4 Qxc4 24. Rxc4 Rxg2 25. Rc3 Rb8 26. Rd1 Kg7 27. Rdd3 Na1 28. Kf1 Rg4 29. Rc1 Nb3 30. Nd2 Nxc1 0-1


[Site "https://www.chess.com"]

[Event "Titled Tuesday Blitz March 15 Early 2022"]
[White "Farmani Anosheh, Armin"]
[Black "Rosen, Eric"]
[WhiteFideId "24613240"]
[BlackFideId "2032562"]
[WhiteElo "2289"]
[BlackElo "2362"]
[Result "0-1"]
[Round "07"]
[TimeControl "180+1"]
[Date "2022.03.15"]
[WhiteClock "0:00:57"]
[BlackClock "0:02:19"]

1. d4 d5 2. c4 e6 3. Nf3 Nf6 4. g3 dxc4 5. Bg2 Bb4+ 6. Bd2 c5 7. O-O O-O 8. dxc5 Bxc5 9. Qc2 Nbd7 10. Qxc4 b5 11. Qxb5 Rb8 12. Qc4 Rxb2 13. Bc3 Rb8 14. Ne5 Qc7 15. Nc6 Bb7 16. Bxf6 Bxc6 17. Bxc6 Qxc6 18. Bd4 Rb4 0-1


[Site "https://www.chess.com"]

[Event "Titled Tuesday Blitz March 15 Early 2022"]
[White "Fernandez Guillen, Ernesto J."]
[Black "Jaskolka, Tomasz"]
[WhiteFideId "3512428"]
[BlackFideId "1170791"]
[WhiteElo "2380"]
[BlackElo "2073"]
[Result "1-0"]
[Round "07"]
[TimeControl "180+1"]
[Date "2022.03.15"]
[WhiteClock "0:00:35"]
[BlackClock "0:00:02"]

1. e4 e6 2. d4 d5 3. Nd2 Nf6 4. e5 Nfd7 5. c3 c5 6. Bd3 Nc6 7. Ne2 cxd4 8. cxd4 f6 9. Nf4 Nxd4 10. Qh5+ Ke7 11. exf6+ Nxf6 12. Ng6+ hxg6 13. Qxh8 Kf7 14. O-O e5 15. Nb3 Nxb3 16. axb3 Bf5 17. Bxf5 gxf5 18. Bg5 Be7 19. Qh3 Qd7 20. Rfc1 d4 21. Rc4 b5 22. Rcc1 e4 23. Ra6 d3 24. Bxf6 Bxf6 25. Qh5+ Kg8 26. Rxf6 gxf6 27. Qg6+ Qg7 28. Qxf5 Re8 29. Qxb5 Re5 30. Qc4+ Kh7 31. Qd4 Qg5 32. Rc7+ Kg6 33. Qd7 Qh6 34. Qf7+ Kg5 35. Qg8+ Kf5 36. Qc8+ Kf4 37. h3 d2 38. Qg4# 1-0


[Site "https://www.chess.com"]

[Event "Titled Tuesday Blitz March 15 Early 2022"]
[White "Fiorito, Fabian"]
[Black "Hambleton, Aman"]
[WhiteFideId "100200"]
[BlackFideId "2606577"]
[WhiteElo "2395"]
[BlackElo "2552"]
[Result "0-1"]
[Round "07"]
[TimeControl "180+1"]
[Date "2022.03.15"]
[WhiteClock "0:00:01"]
[BlackClock "0:00:03"]

1. d4 e5 2. dxe5 Nc6 3. Nf3 Qe7 4. Bg5 Qb4+ 5. Bd2 Qxb2 6. Nc3 Bb4 7. Rb1 Qxc3 8. Bxc3 Bxc3+ 9. Nd2 Bxe5 10. g3 Nf6 11. Bg2 O-O 12. O-O d5 13. Nf3 Bd6 14. h3 Rd8 15. e3 h6 16. Qe2 Ne7 17. Rfd1 b6 18. c4 Ba6 19. Nd2 Rab8 20. e4 dxe4 21. Nxe4 Nxe4 22. Bxe4 Ng6 23. Bxg6 fxg6 24. h4 Re8 25. Qc2 Re6 26. Re1 Rf6 27. Kh2 Rbf8 28. f4 g5 29. Qa4 Bc8 30. hxg5 hxg5 31. Re8 gxf4 32. Rxf8+ Kxf8 33. gxf4 Rxf4 34. Kg1 Be6 35. Re1 Rxc4 36. Qxa7 Rg4+ 37. Kf2 Bg3+ 38. Ke2 Re4+ 39. Kf3 Rxe1 40. Kxg3 Rc1 41. Kf4 Rc5 42. Qb8+ Kf7 43. a3 g5+ 44. Kg3 g4 45. Qh8 Ke7 46. Qg7+ Kd6 47. Qd4+ Rd5 48. Qf4+ Kc6 49. Qa4+ Kd6 50. Kf4 Bd7 51. Qa7 Bc6 52. Kg3 Rd4 53. Qb8 Bd7 54. Qf8+ Kd5 55. Qg8+ Kc5 56. Qd8 c6 57. Qc7 b5 58. Qa7+ Kd5 59. a4 Be6 60. axb5 cxb5 61. Qb7+ Kc5 62. Qb8 Bd5 63. Qc7+ Kb4 64. Qe7+ Kc3 65. Qa7 b4 66. Qc5+ Bc4 67. Qe5 b3 68. Kf2 Kd3 69. Qf5+ Kd2 70. Qg5+ Kc3 71. Qe3+ Rd3 72. Qe5+ Kc2 73. Qe4 Kc3 74. Qe5+ Kb4 75. Qb8+ Bb5 76. Qd6+ Rxd6 0-1


[Site "https://www.chess.com"]

[Event "Titled Tuesday Blitz March 15 Early 2022"]
[White "Gaehwiler, Gabriel"]
[Black "Vlassov, Nikolai"]
[WhiteFideId "1314530"]
[BlackFideId "4103360"]
[WhiteElo "2383"]
[BlackElo "2407"]
[Result "0-1"]
[Round "07"]
[TimeControl "180+1"]
[Date "2022.03.15"]
[WhiteClock "0:00:14"]
[BlackClock "0:00:44"]

1. d4 Nf6 2. c4 Nc6 3. Nf3 e6 4. g3 Bb4+ 5. Bd2 a5 6. Bg2 d6 7. O-O e5 8. d5 Nb8 9. Nc3 O-O 10. Ne1 Bc5 11. Nd3 Ba7 12. Nb5 Bb6 13. e4 c6 14. Nc3 cxd5 15. cxd5 Na6 16. Rc1 Nb4 17. Nxb4 axb4 18. Na4 Bg4 19. Qb3 Bd4 20. Bxb4 Be2 21. Rfe1 Ba6 22. h3 Ne8 23. Rcd1 f5 24. Rxd4 exd4 25. e5 Bb5 26. exd6 Bxa4 27. Qd3 Nxd6 28. Qxd4 Re8 29. Re6 Ne4 30. Bxe4 Rxe6 31. Bxf5 Rd6 32. Bc3 Qe7 33. Bb4 Be8 34. Qc5 Rad8 35. Be6+ Rxe6 36. Qxe7 Rxe7 37. Bxe7 Rxd5 0-1


[Site "https://www.chess.com"]

[Event "Titled Tuesday Blitz March 15 Early 2022"]
[White "Gatterer, Florian"]
[Black "Dixit, Nikhil"]
[WhiteFideId "811688"]
[BlackFideId "5059534"]
[WhiteElo "2218"]
[BlackElo "2223"]
[Result "1-0"]
[Round "07"]
[TimeControl "180+1"]
[Date "2022.03.15"]
[WhiteClock "0:01:25"]
[BlackClock "0:00:20"]

1. b3 a5 2. Bb2 a4 3. b4 e6 4. a3 c5 5. bxc5 Nf6 6. d4 b6 7. cxb6 Qxb6 8. Bc3 Ne4 9. e3 Nxc3 10. Nxc3 Qb2 11. Nb5 Nc6 12. Bc4 Nb4 13. axb4 1-0


[Site "https://www.chess.com"]

[Event "Titled Tuesday Blitz March 15 Early 2022"]
[White "Gontcharov, Vladislav"]
[Black "Pakleza, Zbigniew"]
[WhiteFideId "4123492"]
[BlackFideId "1119290"]
[WhiteElo "2503"]
[BlackElo "2467"]
[Result "0-1"]
[Round "07"]
[TimeControl "180+1"]
[Date "2022.03.15"]
[WhiteClock "0:00:01"]
[BlackClock "0:00:06"]

1. d4 d6 2. c4 e5 3. Nc3 exd4 4. Qxd4 Nc6 5. Qd1 Nf6 6. g3 Be6 7. Bg2 Bxc4 8. Qa4 Be6 9. Nf3 Bd7 10. Qb3 Rb8 11. O-O Be7 12. Bf4 O-O 13. Rad1 Be6 14. Qc2 h6 15. h3 Re8 16. g4 Nd7 17. e4 Qc8 18. Nd5 Bf8 19. a3 a5 20. Rc1 Nc5 21. b4 axb4 22. axb4 Nxe4 23. Qxe4 Bxg4 24. Qc4 Bxh3 25. Bxh3 Qxh3 26. Bg3 Qf5 27. Kg2 Re4 28. Qd3 Qg6 29. b5 Ne5 30. Nxe5 dxe5 31. f3 Rd4 32. Qxg6 fxg6 33. Nxc7 e4 34. fxe4 Rxe4 35. b6 Rd8 36. Rc2 Rd3 37. Rf3 Rd1 38. Bf2 g5 39. Re3 Rg4+ 40. Kf3 Rb4 41. Re8 Rb3+ 42. Ke2 Kf7 43. Rb8 Rd7 44. Rxb7 Bd6 45. Ra7 Kg6 46. Nd5 Rd8 47. Rc6 Re8+ 48. Ne3 Kh5 49. Rxd6 Rb2+ 50. Rd2 Rxb6 51. Ra4 Rbe6 52. Kf1 Kg6 0-1


[Site "https://www.chess.com"]

[Event "Titled Tuesday Blitz March 15 Early 2022"]
[White "Gurevich, Dmitry"]
[Black "Harikrishna, Pentala"]
[WhiteFideId "2000407"]
[BlackFideId "5007003"]
[WhiteElo "2506"]
[BlackElo "2574"]
[Result "0-1"]
[Round "07"]
[TimeControl "180+1"]
[Date "2022.03.15"]
[WhiteClock "0:00:07"]
[BlackClock "0:00:13"]

1. d4 d5 2. c4 dxc4 3. Nf3 Nf6 4. g3 b6 5. Bg2 Bb7 6. O-O Nbd7 7. Qa4 e6 8. Qxc4 Be7 9. Nc3 O-O 10. Rd1 Rc8 11. Bf4 a6 12. Qb3 b5 13. Ne5 Bxg2 14. Kxg2 Nxe5 15. dxe5 Nd7 16. Ne4 Qe8 17. a4 Nb6 18. axb5 axb5 19. Ra7 Nd5 20. Rxd5 exd5 21. Qxd5 Rd8 22. Qb7 Ra8 23. Qxc7 Rxa7 24. Qxa7 Qa8 25. Qe3 Qd5 26. f3 Rc8 27. Nc3 Qc4 28. h4 h6 29. Ne4 Qd5 30. Nd6 Rc2 31. b4 Qd1 32. Kf2 Bd8 33. Ne4 Bb6 34. Nc5 Qd5 35. e6 Bxc5 36. bxc5 Qxc5 37. e7 Qxe3+ 38. Kxe3 Rc8 39. Bc7 f6 0-1


[Site "https://www.chess.com"]

[Event "Titled Tuesday Blitz March 15 Early 2022"]
[White "Hammer, Jon Ludvig"]
[Black "Hess, Robert"]
[WhiteFideId "1503707"]
[BlackFideId "2022036"]
[WhiteElo "2607"]
[BlackElo "2557"]
[Result "1-0"]
[Round "07"]
[TimeControl "180+1"]
[Date "2022.03.15"]
[WhiteClock "0:01:29"]
[BlackClock "0:00:03"]

1. d4 g6 2. e4 Bg7 3. Nf3 a6 4. Bc4 e6 5. O-O d6 6. Re1 Ne7 7. Bf1 Nd7 8. c3 b6 9. Nbd2 Bb7 10. Nc4 h6 11. h4 Nf6 12. e5 Nfd5 13. h5 gxh5 14. Nh2 h4 15. Qh5 Qd7 16. Ng4 Ng6 17. Bd2 Qe7 18. exd6 cxd6 19. Rxe6 Qxe6 20. Re1 Qxe1 21. Bxe1 O-O-O 22. Qf5+ Rd7 23. Nxd6+ Kd8 24. Nxf7+ Rxf7 1-0


[Site "https://www.chess.com"]